Coyotes vs Sabres

Created - 12 janvier 2022 at 16:14

Goals
1 2 3 T
Coyotes 0 1 2 3
Sabres 1 2 2 5
Shots
1 2 3 T
Coyotes 7 8 12 27
Sabres 7 11 8 26

GoalsPenalties
1st period
1. Sabres , Tomas Hertl 15 (Jack Roslovic 9, Mike Hoffman 12) at 17:32 (PP)
Blake Lizotte (BUF) for Interference (Minor) at 10:05
Dante Fabbro (ARI) for Roughing (Minor) at 15:15
Jay Bouwmeester (ARI) for Goalie Interference (Minor) at 17:13
2nd period
2. Sabres , Anthony Mantha 7 (Nick Jensen 11) at 8:22
3. Coyotes , Ilya Mikheyev 8 (Andrej Sekera 20, Sean Monahan 18) at 8:34
4. Sabres , Jakob Silfverberg 12 (Jack Roslovic 10) at 16:00
Miro Heiskanen (ARI) for Interference (Minor) at 0:08
Jesper Bratt (ARI) for Elbowing (Minor) at 2:18
Erik Gustafsson (ARI) for Roughing (Minor) at 5:08
Kevan Miller (ARI) for Holding (Minor) at 13:47
3rd period
5. Coyotes , Sean Monahan 15 (Jay Bouwmeester 11) at 1:53
6. Coyotes , Robert Thomas 2 (Dante Fabbro 13) at 2:03
7. Sabres , Victor Olofsson 9 (Phil Kessel 9, Jonas Brodin 18) at 6:48
8. Sabres , Torey Krug 3 (Jack Roslovic 11, Carter Rowney 3) at 7:08
Nick Jensen (BUF) for Diving (Minor) at 16:14
Kevan Miller (ARI) for Roughing (Minor) at 19:48
Goalie Stats
Elvis Merzlikins (ARI), 15 saves from 20 shots - (0,750), L, 2-3-1, 47:08 minutes
Jonathan Quick (ARI), 6 saves from 6 shots - (1,000), 12:52 minutes
Darcy Kuemper (BUF), 24 saves from 27 shots - (0,889), W, 14-14-0, 60:00 minutes
3 StarsOfficial
1 - Jack Roslovic (BUF)
2 - Anthony Mantha (BUF)
3 - Sean Monahan (ARI)
Referees : Kevin Pollock and Brad Meier
Linesman : Scott Driscoll and Trent Knorr
Game Note
Jonathan Quick enters game at 7:08 of 3rd period



Team Name Goals Shots Shots Attemp Shots Blocked PIM HIT PP PK FO%
Coyotes 32749914220 / 2 (0%)151%
Sabres 5265744231 / 7 (14%)049%

Coyotes
Player Name POS G A P +/- PIM HIT SHT SB MP PP MP PP SHT PK MP PK SHT FO% FOT
Andrej SekeraD0110021324:112:3305:2600% 0
Dante FabbroD0111221216:582:3301:5900% 0
Eetu LuostarinenC000000006:260:0000:0000% 0
Erik GustafssonD000-2200017:531:2500:1100% 0
Frank VatranoC/LW/RW000-1021011:140:0000:0000% 2
Ilya MikheyevRW1011025021:002:3904:3100% 3
Jay BouwmeesterD0111230218:300:0005:2200% 0
Jesper BrattLW/RW000-1213015:261:1900:0000% 1
Kaapo KakkoRW000-1004011:140:0000:0000% 0
Kevan MillerD000-2421120:060:0003:5000% 0
Miro HeiskanenD0000211122:161:2513:5900% 0
Nick FolignoC/LW/RW000-1010017:060:0005:52050% 20
Nick PaulC/LW0000000012:180:0005:5200% 1
Pavel ZachaC/LW0001011021:012:3904:32067% 9
Robert ThomasC/RW101000306:260:0000:00038% 8
Ryan JohansenC000-1023015:271:1900:00052% 21
Sean MonahanC1121012016:292:3900:00077% 13
Yegor SharangovichC/LW/RW000-1021015:271:1900:0000% 1
Sabres
Player Name POS G A P +/- PIM HIT SHT SB MP PP MP PP SHT PK MP PK SHT FO% FOT
Anders BjorkLW000-101009:410:0000:0000% 1
Anthony ManthaLW/RW1011022020:024:5000:00050% 2
Blake LizotteC000-121209:400:0000:00054% 13
Carter RowneyC/RW0111002011:560:0002:10059% 17
Chris TierneyC0000021117:374:5011:48061% 18
Jack RoslovicC/RW0331010010:050:1900:0000% 2
Jakob SilfverbergLW/RW1011003011:560:0002:1010% 1
Jamie OleksiakD0000020015:110:0001:5600% 0
Jonas BrodinD0110001121:455:3212:0500% 0
Mike HoffmanLW/RW0111011020:465:3400:00050% 2
Nick JensenD0112240021:024:5201:1500% 0
Phil KesselRW0110001018:025:1511:4800% 0
Pierre EngvallC/LW/RW000-102109:410:0000:000100% 1
Radko GudasD0000041020:444:5201:4400% 0
Robert BortuzzoD000-1021217:160:0000:4200% 0
Tomas HertlC/LW1011006020:465:3420:00033% 21
Torey KrugD1011011024:015:3200:1400% 0
Victor OlofssonLW/RW1010003015:494:5020:000100% 1

Coyotes

5 vs 5 Forward
Line #Left WingCenterRight WingPHYDFOFWanted %Time %Time Play
1Yegor SharangovichRyan JohansenJesper Bratt2123031%14:08
2Pavel ZachaSean MonahanIlya Mikheyev1223030%13:50
3Frank VatranoNick FolignoKaapo Kakko1222425%11:14
4Nick PaulRobert ThomasEetu Luostarinen1221614%6:26
5 vs 5 Defense
Line #DefenseDefensePHYDFOFWanted %Time %Time Play
1Miro HeiskanenAndrej Sekera1223028%12:41
2Kevan MillerErik Gustafsson1313036%16:18
3Jay BouwmeesterDante Fabbro1312427%12:27
4Miro HeiskanenAndrej Sekera122169%4:12
Power Play Forward
Line #Left WingCenterRight WingPHYDFOFWanted %Time %Time Play
1Yegor SharangovichRyan JohansenJesper Bratt1045033%1:19
2Pavel ZachaSean MonahanIlya Mikheyev1225067%2:39
Power Play Defense
Line #DefenseDefensePHYDFOFWanted %Time %Time Play
1Miro HeiskanenErik Gustafsson1225036%1:25
2Dante FabbroAndrej Sekera1225064%2:33
Penalty Kill 4 Players Forward
Line #CenterWingPHYDFOFWanted %Time %Time Play
1Pavel ZachaIlya Mikheyev1225043%4:31
2Nick FolignoNick Paul1225057%5:52
Penalty Kill 4 Players Defense
Line #DefenseDefensePHYDFOFWanted %Time %Time Play
1Jay BouwmeesterAndrej Sekera1225052%5:23
2Kevan MillerMiro Heiskanen1225048%5:00
Penalty Kill 3 Players
Line #WingPHYDFOFWanted %Time %Time PlayDefenseDefensePHYDFOFWanted %Time %Time Play
1Pavel Zacha12250100%0:01 Jay BouwmeesterAndrej Sekera122500%0:00
2Nick Foligno122500%0:00 Kevan MillerMiro Heiskanen12250100%0:01
4 vs 4 Forward
Line #CenterWingPHYDFOFWanted %Time %Time Play
1Ryan JohansenJesper Bratt122500%0:00
2Sean MonahanPavel Zacha122500%0:00
4 vs 4 Defense
Line #DefensePHYDFOFWanted %Time %Time Play
1Miro HeiskanenAndrej Sekera122500%0:00
2Kevan MillerErik Gustafsson122500%0:00
Last Minutes Offensive
Left WingCenterRight WingDefenseDefense
Pavel ZachaSean MonahanJesper BrattMiro HeiskanenErik Gustafsson
Last Minutes Defensive
Left WingCenterRight WingDefenseDefense
Nick FolignoPavel ZachaIlya MikheyevJay BouwmeesterAndrej Sekera
Time
Total ForwardTotal DefenseLast Minutes OffensiveLast Minutes Defensive
60:00 60:00 0:000:00
Extra Forwards
Normal PowerPlayPenalty Kill
Ilya Mikheyev, Yegor Sharangovich, Jesper BrattFrank Vatrano, Yegor SharangovichJesper Bratt
Extra Defensemen
Normal PowerPlayPenalty Kill
Jay Bouwmeester, Dante Fabbro, Kevan MillerJay Bouwmeester, Dante FabbroKevan Miller
Penalty Shots
Jesper Bratt, Sean Monahan, Yegor Sharangovich, Ryan Johansen, Robert Thomas
Goalie
Elvis Merzlikins, Jonathan Quick
Custom OT Lines Forwards
Ryan Johansen, Jesper Bratt, Sean Monahan, Pavel Zacha, Yegor Sharangovich, Ilya Mikheyev, Nick Paul, Nick Foligno, Frank Vatrano, Kaapo Kakko
Custom OT Lines Defensemen
Miro Heiskanen, Andrej Sekera, Kevan Miller, Erik Gustafsson, Jay Bouwmeester
Scratches
Michal Kempny (Healthy)

Sabres

5 vs 5 Forward
Line #Left WingCenterRight WingPHYDFOFWanted %Time %Time Play
1Mike HoffmanTomas HertlAnthony Mantha1133233%15:12
2Victor OlofssonChris TierneyPhil Kessel1132624%10:59
3Jakob SilfverbergCarter RowneyJack Roslovic1222421%9:46
4Anders BjorkBlake LizottePierre Engvall1311821%9:41
5 vs 5 Defense
Line #DefenseDefensePHYDFOFWanted %Time %Time Play
1Torey KrugNick Jensen0233333%14:56
2Radko GudasJonas Brodin1223131%14:08
3Jamie OleksiakRobert Bortuzzo2302029%13:15
4Robert BortuzzoTorey Krug122167%3:19
Power Play Forward
Line #Left WingCenterRight WingPHYDFOFWanted %Time %Time Play
1Mike HoffmanTomas HertlPhil Kessel0145054%5:34
2Victor OlofssonChris TierneyAnthony Mantha0145046%4:50
Power Play Defense
Line #DefenseDefensePHYDFOFWanted %Time %Time Play
1Jonas BrodinTorey Krug0145053%5:32
2Nick JensenRadko Gudas0145047%4:52
Penalty Kill 4 Players Forward
Line #CenterWingPHYDFOFWanted %Time %Time Play
1Carter RowneyJakob Silfverberg1405055%2:10
2Chris TierneyPhil Kessel1405045%1:48
Penalty Kill 4 Players Defense
Line #DefenseDefensePHYDFOFWanted %Time %Time Play
1Nick JensenJonas Brodin1405062%2:28
2Jamie OleksiakRadko Gudas1405038%1:30
Penalty Kill 3 Players
Line #WingPHYDFOFWanted %Time %Time PlayDefenseDefensePHYDFOFWanted %Time %Time Play
1Carter Rowney140500%0:00 Robert BortuzzoJamie Oleksiak140500%0:00
2Jakob Silfverberg140500%0:00 Nick JensenRadko Gudas140500%0:00
4 vs 4 Forward
Line #CenterWingPHYDFOFWanted %Time %Time Play
1Tomas HertlAnthony Mantha122500%0:00
2Chris TierneyPhil Kessel122500%0:00
4 vs 4 Defense
Line #DefensePHYDFOFWanted %Time %Time Play
1Jonas BrodinTorey Krug122500%0:00
2Robert BortuzzoRadko Gudas122500%0:00
Last Minutes Offensive
Left WingCenterRight WingDefenseDefense
Jakob SilfverbergTomas HertlVictor OlofssonJonas BrodinTorey Krug
Last Minutes Defensive
Left WingCenterRight WingDefenseDefense
Jakob SilfverbergChris TierneyPhil KesselRobert BortuzzoRadko Gudas
Time
Total ForwardTotal DefenseLast Minutes OffensiveLast Minutes Defensive
60:00 60:00 0:000:00
Extra Forwards
Normal PowerPlayPenalty Kill
Jakob Silfverberg, Anthony Mantha, Victor OlofssonJack Roslovic, Pierre EngvallJakob Silfverberg
Extra Defensemen
Normal PowerPlayPenalty Kill
Jonas Brodin, Nick Jensen, Jamie OleksiakTorey Krug, Robert BortuzzoJamie Oleksiak
Penalty Shots
Tomas Hertl, Anthony Mantha, Phil Kessel, Victor Olofsson, Jakob Silfverberg
Goalie
Darcy Kuemper, Henrik Lundqvist
Custom OT Lines Forwards
Tomas Hertl, Mike Hoffman, Phil Kessel, Anthony Mantha, Jack Roslovic, Jakob Silfverberg, Blake Lizotte, Victor Olofsson, Pierre Engvall, Chris Tierney
Custom OT Lines Defensemen
Robert Bortuzzo, Torey Krug, Jamie Oleksiak, Radko Gudas, Jonas Brodin
Scratches
Ilya Lyubushkin (Healthy), Luke Witkowski (Healthy), Charlie Lindgren (Healthy)


Play-by-Play

1st period


0:01 of 1st period - Mike Hoffman wins face-off versus Ryan Johansen in neutral zone.
0:09 of 1st period - Off-side.
0:10 of 1st period - Sean Monahan wins face-off versus Chris Tierney in neutral zone.
0:20 of 1st period - Pavel Zacha is hit by Radko Gudas and loses puck.
0:37 of 1st period - Shot by Phil Kessel.
0:37 of 1st period - Shot Blocked by Kevan Miller.
1:05 of 1st period - Kevan Miller is hit by Robert Bortuzzo and loses puck.
1:13 of 1st period - Off-side.
1:14 of 1st period - Tomas Hertl wins face-off versus Frank Vatrano in neutral zone.
1:22 of 1st period - Shot by Mike Hoffman.
1:22 of 1st period - Shot Misses the Net.
1:24 of 1st period - Shot by Tomas Hertl.
1:24 of 1st period - Stopped by Elvis Merzlikins without a rebound.
1:25 of 1st period - Blake Lizotte wins face-off versus Ryan Johansen in Coyotes zone.
1:38 of 1st period - Shot by Blake Lizotte.
1:38 of 1st period - Stopped by Elvis Merzlikins without a rebound.
1:39 of 1st period - Tomas Hertl wins face-off versus Robert Thomas in Coyotes zone.
1:47 of 1st period - Icing by Dante Fabbro.
1:48 of 1st period - Carter Rowney wins face-off versus Robert Thomas in Coyotes zone.
2:48 of 1st period - Off-side.
2:49 of 1st period - Ryan Johansen wins face-off versus Anders Bjork in neutral zone.
2:54 of 1st period - Shot by Jesper Bratt.
2:54 of 1st period - Shot Misses the Net.
3:00 of 1st period - Shot by Ryan Johansen.
3:00 of 1st period - Deflect By Jesper Bratt.
3:00 of 1st period - Stopped by Darcy Kuemper without a rebound.
3:01 of 1st period - Anthony Mantha wins face-off versus Nick Foligno in Sabres zone.
4:07 of 1st period - Jesper Bratt is hit by Pierre Engvall.
4:18 of 1st period - Shot by Pierre Engvall.
4:18 of 1st period - Stopped by Elvis Merzlikins with a rebound.
4:43 of 1st period - Icing by Radko Gudas.
4:44 of 1st period - Sean Monahan wins face-off versus Blake Lizotte in Sabres zone.
4:44 of 1st period - Sean Monahan is hit by Radko Gudas.
4:53 of 1st period - Icing by Radko Gudas.
4:54 of 1st period - Pierre Engvall wins face-off versus Nick Foligno in Sabres zone.
5:08 of 1st period - Icing by Radko Gudas.
5:09 of 1st period - Blake Lizotte wins face-off versus Sean Monahan in Sabres zone.
5:26 of 1st period - Shot by Pavel Zacha.
5:26 of 1st period - Deflect By Ilya Mikheyev.
5:26 of 1st period - Shot Misses the Net.
5:28 of 1st period - Shot by Ilya Mikheyev.
5:28 of 1st period - Stopped by Darcy Kuemper without a rebound.
5:29 of 1st period - Ryan Johansen wins face-off versus Chris Tierney in Sabres zone.
5:50 of 1st period - Shot by Chris Tierney.
5:50 of 1st period - Shot Misses the Net.
6:03 of 1st period - Victor Olofsson is hit by Miro Heiskanen and loses puck.
6:07 of 1st period - Icing by Andrej Sekera.
6:08 of 1st period - Carter Rowney wins face-off versus Ryan Johansen in Coyotes zone.
6:10 of 1st period - Jakob Silfverberg is hit by Andrej Sekera and loses puck.
6:17 of 1st period - Jack Roslovic is hit by Ryan Johansen and loses puck.
7:17 of 1st period - Icing by Torey Krug.
7:18 of 1st period - Nick Foligno wins face-off versus Carter Rowney in Sabres zone.
7:30 of 1st period - Kaapo Kakko is hit by Nick Jensen and loses puck.
7:37 of 1st period - Shot by Kaapo Kakko.
7:37 of 1st period - Stopped by Darcy Kuemper without a rebound.
7:38 of 1st period - Robert Thomas wins face-off versus Mike Hoffman in Sabres zone.
7:41 of 1st period - Shot by Robert Thomas.
7:41 of 1st period - Stopped by Darcy Kuemper without a rebound.
7:42 of 1st period - Tomas Hertl wins face-off versus Robert Thomas in Sabres zone.
7:46 of 1st period - Icing by Anthony Mantha.
7:47 of 1st period - Nick Foligno wins face-off versus Tomas Hertl in Sabres zone.
7:47 of 1st period - Nick Foligno is hit by Jamie Oleksiak.
8:01 of 1st period - Shot by Tomas Hertl.
8:01 of 1st period - Stopped by Elvis Merzlikins with a rebound.
8:09 of 1st period - Shot by Anthony Mantha.
8:09 of 1st period - Deflect By Tomas Hertl.
8:09 of 1st period - Shot Blocked by Andrej Sekera.
8:11 of 1st period - Shot by Mike Hoffman.
8:11 of 1st period - Shot Blocked by Andrej Sekera.
8:27 of 1st period - Nick Foligno is hit by Anthony Mantha and loses puck.
8:51 of 1st period - Tomas Hertl is hit by Jay Bouwmeester and loses puck.
9:26 of 1st period - Shot by Pavel Zacha.
9:26 of 1st period - Shot Misses the Net.
10:05 of 1st period - Minor Penalty to Blake Lizotte for Interference.
10:06 of 1st period - Ryan Johansen wins face-off versus Carter Rowney in Sabres zone.
10:07 of 1st period - Shot by Miro Heiskanen.
10:07 of 1st period - Stopped by Darcy Kuemper with a rebound.
10:14 of 1st period - Icing by Jesper Bratt.
10:15 of 1st period - Ryan Johansen wins face-off versus Carter Rowney in Coyotes zone.
10:20 of 1st period - Shot by Jakob Silfverberg.
10:20 of 1st period - Stopped by Elvis Merzlikins without a rebound.
10:21 of 1st period - Ryan Johansen wins face-off versus Carter Rowney in Coyotes zone.
10:45 of 1st period - Shot by Yegor Sharangovich.
10:45 of 1st period - Shot Misses the Net.
10:47 of 1st period - Shot by Dante Fabbro.
10:47 of 1st period - Shot Hit the Post.
11:36 of 1st period - Erik Gustafsson is hit by Nick Jensen.
11:46 of 1st period - Shot by Sean Monahan.
11:46 of 1st period - Shot Misses the Net.
11:48 of 1st period - Shot by Miro Heiskanen.
11:48 of 1st period - Shot Blocked by Chris Tierney.
12:16 of 1st period - Shot by Tomas Hertl.
12:16 of 1st period - Shot Misses the Net.
12:59 of 1st period - Icing by Robert Bortuzzo.
13:00 of 1st period - Ryan Johansen wins face-off versus Tomas Hertl in Sabres zone.
13:11 of 1st period - Shot by Ryan Johansen.
13:11 of 1st period - Shot Blocked by Robert Bortuzzo.
13:13 of 1st period - Shot by Jesper Bratt.
13:13 of 1st period - Shot Misses the Net.
13:15 of 1st period - Shot by Ryan Johansen.
13:15 of 1st period - Shot Misses the Net.
13:17 of 1st period - Shot by Kevan Miller.
13:17 of 1st period - Stopped by Darcy Kuemper without a rebound.
13:18 of 1st period - Nick Foligno wins face-off versus Carter Rowney in Sabres zone.
13:19 of 1st period - Shot by Frank Vatrano.
13:19 of 1st period - Stopped by Darcy Kuemper without a rebound.
13:20 of 1st period - Chris Tierney wins face-off versus Sean Monahan in Sabres zone.
13:20 of 1st period - Chris Tierney is hit by Pavel Zacha.
14:02 of 1st period - Ilya Mikheyev is hit by Chris Tierney and loses puck.
14:33 of 1st period - Jonas Brodin is hit by Ryan Johansen.
14:46 of 1st period - Off-side.
14:47 of 1st period - Nick Foligno wins face-off versus Jakob Silfverberg in neutral zone.
14:57 of 1st period - Jakob Silfverberg is hit by Dante Fabbro.
15:02 of 1st period - Icing by Dante Fabbro.
15:03 of 1st period - Blake Lizotte wins face-off versus Nick Foligno in Coyotes zone.
15:15 of 1st period - Minor Penalty to Dante Fabbro for Roughing.
15:16 of 1st period - Tomas Hertl wins face-off versus Pavel Zacha in Coyotes zone.
15:19 of 1st period - Shot by Tomas Hertl.
15:19 of 1st period - Shot Misses the Net.
16:24 of 1st period - Off-side.
16:25 of 1st period - Pavel Zacha wins face-off versus Anthony Mantha in neutral zone.
16:40 of 1st period - Shot by Ilya Mikheyev.
16:40 of 1st period - Shot Misses the Net.
16:43 of 1st period - Icing by Chris Tierney.
16:44 of 1st period - Victor Olofsson wins face-off versus Ilya Mikheyev in Sabres zone.
16:44 of 1st period - Victor Olofsson is hit by Ilya Mikheyev.
17:10 of 1st period - Shot by Victor Olofsson.
17:10 of 1st period - Stopped by Elvis Merzlikins with a rebound.
17:13 of 1st period - Minor Penalty to Jay Bouwmeester for Goalie Interference.
17:14 of 1st period - Pavel Zacha wins face-off versus Jack Roslovic in Coyotes zone.
17:23 of 1st period - Kevan Miller is hit by Jack Roslovic and loses puck.
17:32 of 1st period - Shot by Jack Roslovic.
17:32 of 1st period - Deflect By Tomas Hertl.
17:32 of 1st period - Goal by Tomas Hertl - Coyotes : 0 - Sabres : 1.
17:33 of 1st period - Blake Lizotte wins face-off versus Ryan Johansen in neutral zone.
17:46 of 1st period - Shot by Blake Lizotte.
17:46 of 1st period - Shot Blocked by Jay Bouwmeester.
18:06 of 1st period - Shot by Jesper Bratt.
18:06 of 1st period - Deflect By Ryan Johansen.
18:06 of 1st period - Shot Blocked by Robert Bortuzzo.
18:15 of 1st period - Pierre Engvall is hit by Yegor Sharangovich and loses puck.
19:01 of 1st period - Andrej Sekera is hit by Blake Lizotte.
Goals for this period are 0 for Coyotes vs 1 for Sabres.
Shots for this period are 7 for Coyotes vs 7 for Sabres.

2nd period


0:01 of 2nd period - Carter Rowney wins face-off versus Ryan Johansen in neutral zone.
0:01 of 2nd period - Carter Rowney is hit by Jesper Bratt.
0:08 of 2nd period - Minor Penalty to Miro Heiskanen for Interference.
0:09 of 2nd period - Chris Tierney wins face-off versus Nick Foligno in Coyotes zone.
1:19 of 2nd period - Icing by Radko Gudas.
1:20 of 2nd period - Pavel Zacha wins face-off versus Tomas Hertl in Sabres zone.
1:41 of 2nd period - Shot by Mike Hoffman.
1:41 of 2nd period - Deflect By Tomas Hertl.
1:41 of 2nd period - Shot Misses the Net.
1:43 of 2nd period - Shot by Nick Jensen.
1:43 of 2nd period - Deflect By Phil Kessel.
1:43 of 2nd period - Stopped by Elvis Merzlikins without a rebound.
1:44 of 2nd period - Chris Tierney wins face-off versus Pavel Zacha in Coyotes zone.
1:44 of 2nd period - Chris Tierney is hit by Kevan Miller.
1:48 of 2nd period - Shot by Victor Olofsson.
1:48 of 2nd period - Stopped by Elvis Merzlikins without a rebound.
1:49 of 2nd period - Nick Foligno wins face-off versus Tomas Hertl in Coyotes zone.
2:02 of 2nd period - Shot by Phil Kessel.
2:02 of 2nd period - Shot Blocked by Dante Fabbro.
2:15 of 2nd period - Icing by Jamie Oleksiak.
2:16 of 2nd period - Carter Rowney wins face-off versus Ryan Johansen in Sabres zone.
2:18 of 2nd period - Minor Penalty to Jesper Bratt for Elbowing.
2:19 of 2nd period - Chris Tierney wins face-off versus Nick Foligno in Coyotes zone.
3:55 of 2nd period - Shot by Torey Krug.
3:55 of 2nd period - Shot Misses the Net.
3:57 of 2nd period - Shot by Tomas Hertl.
3:57 of 2nd period - Stopped by Elvis Merzlikins without a rebound.
3:58 of 2nd period - Pavel Zacha wins face-off versus Chris Tierney in Coyotes zone.
4:10 of 2nd period - Jay Bouwmeester is hit by Chris Tierney and loses puck.
4:53 of 2nd period - Icing by Kevan Miller.
4:54 of 2nd period - Blake Lizotte wins face-off versus Ryan Johansen in Coyotes zone.
5:08 of 2nd period - Minor Penalty to Erik Gustafsson for Roughing.
5:09 of 2nd period - Nick Foligno wins face-off versus Tomas Hertl in Coyotes zone.
5:09 of 2nd period - Nick Foligno is hit by Mike Hoffman.
6:02 of 2nd period - Icing by Anthony Mantha.
6:03 of 2nd period - Chris Tierney wins face-off versus Ilya Mikheyev in Sabres zone.
6:12 of 2nd period - Shot by Victor Olofsson.
6:12 of 2nd period - Shot Misses the Net.
6:30 of 2nd period - Shot by Chris Tierney.
6:30 of 2nd period - Stopped by Elvis Merzlikins without a rebound.
6:31 of 2nd period - Nick Foligno wins face-off versus Tomas Hertl in Coyotes zone.
7:26 of 2nd period - Shot by Ryan Johansen.
7:26 of 2nd period - Stopped by Darcy Kuemper without a rebound.
7:27 of 2nd period - Sean Monahan wins face-off versus Carter Rowney in Sabres zone.
7:27 of 2nd period - Sean Monahan is hit by Jamie Oleksiak.
7:40 of 2nd period - Jack Roslovic is hit by Andrej Sekera and loses puck.
7:55 of 2nd period - Shot by Ilya Mikheyev.
7:55 of 2nd period - Stopped by Darcy Kuemper without a rebound.
7:56 of 2nd period - Nick Foligno wins face-off versus Blake Lizotte in Sabres zone.
7:59 of 2nd period - Shot by Frank Vatrano.
7:59 of 2nd period - Deflect By Kaapo Kakko.
7:59 of 2nd period - Stopped by Darcy Kuemper without a rebound.
8:00 of 2nd period - Tomas Hertl wins face-off versus Nick Foligno in Sabres zone.
8:12 of 2nd period - Torey Krug is hit by Frank Vatrano.
8:22 of 2nd period - Shot by Anthony Mantha.
8:22 of 2nd period - Goal by Anthony Mantha - Coyotes : 0 - Sabres : 2.
8:23 of 2nd period - Sean Monahan wins face-off versus Chris Tierney in neutral zone.
8:26 of 2nd period - Shot by Dante Fabbro.
8:26 of 2nd period - Stopped by Darcy Kuemper without a rebound.
8:27 of 2nd period - Pavel Zacha wins face-off versus Chris Tierney in Sabres zone.
8:30 of 2nd period - Shot by Sean Monahan.
8:30 of 2nd period - Shot Misses the Net.
8:32 of 2nd period - Shot by Andrej Sekera.
8:32 of 2nd period - Shot Misses the Net.
8:34 of 2nd period - Shot by Ilya Mikheyev.
8:34 of 2nd period - Goal by Ilya Mikheyev - Coyotes : 1 - Sabres : 2.
8:35 of 2nd period - Sean Monahan wins face-off versus Tomas Hertl in neutral zone.
8:37 of 2nd period - Miro Heiskanen is hit by Torey Krug and loses puck.
9:35 of 2nd period - Miro Heiskanen is hit by Radko Gudas and loses puck.
9:58 of 2nd period - Shot by Radko Gudas.
9:58 of 2nd period - Stopped by Elvis Merzlikins without a rebound.
9:59 of 2nd period - Carter Rowney wins face-off versus Robert Thomas in Coyotes zone.
10:59 of 2nd period - Jamie Oleksiak is hit by Yegor Sharangovich and loses puck.
11:21 of 2nd period - Shot by Tomas Hertl.
11:21 of 2nd period - Stopped by Elvis Merzlikins without a rebound.
11:22 of 2nd period - Nick Foligno wins face-off versus Chris Tierney in Coyotes zone.
12:45 of 2nd period - Shot by Mike Hoffman.
12:45 of 2nd period - Stopped by Elvis Merzlikins without a rebound.
12:46 of 2nd period - Sean Monahan wins face-off versus Blake Lizotte in Coyotes zone.
12:59 of 2nd period - Kevan Miller is hit by Anders Bjork and loses puck.
13:47 of 2nd period - Minor Penalty to Kevan Miller for Holding.
13:48 of 2nd period - Chris Tierney wins face-off versus Nick Paul in Coyotes zone.
13:55 of 2nd period - Shot by Anthony Mantha.
13:55 of 2nd period - Shot Misses the Net.
14:01 of 2nd period - Shot by Victor Olofsson.
14:01 of 2nd period - Shot Misses the Net.
14:03 of 2nd period - Shot by Radko Gudas.
14:03 of 2nd period - Shot Misses the Net.
14:48 of 2nd period - Shot by Jonas Brodin.
14:48 of 2nd period - Shot Hit the Post.
14:50 of 2nd period - Shot by Jonas Brodin.
14:50 of 2nd period - Shot Blocked by Miro Heiskanen.
14:52 of 2nd period - Shot by Tomas Hertl.
14:52 of 2nd period - Shot Misses the Net.
14:54 of 2nd period - Shot by Tomas Hertl.
14:54 of 2nd period - Shot Misses the Net.
14:56 of 2nd period - Shot by Jonas Brodin.
14:56 of 2nd period - Shot Misses the Net.
14:58 of 2nd period - Shot by Jonas Brodin.
14:58 of 2nd period - Stopped by Elvis Merzlikins without a rebound.
14:59 of 2nd period - Tomas Hertl wins face-off versus Nick Foligno in Coyotes zone.
15:48 of 2nd period - Shot by Jack Roslovic.
15:48 of 2nd period - Shot Misses the Net.
16:00 of 2nd period - Shot by Jakob Silfverberg.
16:00 of 2nd period - Goal by Jakob Silfverberg - Coyotes : 1 - Sabres : 3.
16:01 of 2nd period - Blake Lizotte wins face-off versus Ryan Johansen in neutral zone.
16:49 of 2nd period - Pierre Engvall is hit by Ilya Mikheyev.
16:57 of 2nd period - Shot by Pavel Zacha.
16:57 of 2nd period - Stopped by Darcy Kuemper with a rebound.
17:29 of 2nd period - Miro Heiskanen is hit by Pierre Engvall and loses puck.
17:48 of 2nd period - Jamie Oleksiak is hit by Dante Fabbro and loses puck.
17:59 of 2nd period - Shot by Tomas Hertl.
17:59 of 2nd period - Stopped by Elvis Merzlikins without a rebound.
18:00 of 2nd period - Robert Thomas wins face-off versus Tomas Hertl in Coyotes zone.
18:33 of 2nd period - Shot by Tomas Hertl.
18:33 of 2nd period - Shot Misses the Net.
19:34 of 2nd period - Off-side.
19:35 of 2nd period - Ryan Johansen wins face-off versus Jack Roslovic in neutral zone.
19:48 of 2nd period - Shot by Jesper Bratt.
19:48 of 2nd period - Stopped by Darcy Kuemper without a rebound.
19:49 of 2nd period - Pavel Zacha wins face-off versus Tomas Hertl in Sabres zone.
19:52 of 2nd period - Shot by Sean Monahan.
19:52 of 2nd period - Stopped by Darcy Kuemper without a rebound.
19:53 of 2nd period - Ryan Johansen wins face-off versus Tomas Hertl in Sabres zone.
Goals for this period are 1 for Coyotes vs 2 for Sabres.
Shots for this period are 8 for Coyotes vs 11 for Sabres.

3rd period


0:01 of 3rd period - Nick Foligno wins face-off versus Tomas Hertl in neutral zone.
0:04 of 3rd period - Anthony Mantha is hit by Frank Vatrano and loses puck.
0:37 of 3rd period - Shot by Tomas Hertl.
0:37 of 3rd period - Deflect By Anthony Mantha.
0:37 of 3rd period - Shot Misses the Net.
1:37 of 3rd period - Shot by Ryan Johansen.
1:37 of 3rd period - Stopped by Darcy Kuemper without a rebound.
1:38 of 3rd period - Sean Monahan wins face-off versus Carter Rowney in Sabres zone.
1:42 of 3rd period - Pavel Zacha is hit by Robert Bortuzzo and loses puck.
1:53 of 3rd period - Shot by Sean Monahan.
1:53 of 3rd period - Goal by Sean Monahan - Coyotes : 2 - Sabres : 3.
1:54 of 3rd period - Robert Thomas wins face-off versus Blake Lizotte in neutral zone.
2:03 of 3rd period - Shot by Robert Thomas.
2:03 of 3rd period - Goal by Robert Thomas - Coyotes : 3 - Sabres : 3.
2:04 of 3rd period - Ryan Johansen wins face-off versus Tomas Hertl in neutral zone.
2:08 of 3rd period - Erik Gustafsson is hit by Radko Gudas and loses puck.
2:59 of 3rd period - Andrej Sekera is hit by Anthony Mantha and loses puck.
3:58 of 3rd period - Shot by Kaapo Kakko.
3:58 of 3rd period - Stopped by Darcy Kuemper with a rebound.
4:24 of 3rd period - Shot by Kaapo Kakko.
4:24 of 3rd period - Shot Misses the Net.
4:26 of 3rd period - Shot by Frank Vatrano.
4:26 of 3rd period - Shot Misses the Net.
4:28 of 3rd period - Shot by Nick Foligno.
4:28 of 3rd period - Shot Misses the Net.
4:30 of 3rd period - Shot by Kaapo Kakko.
4:30 of 3rd period - Stopped by Darcy Kuemper with a rebound.
4:32 of 3rd period - Shot by Dante Fabbro.
4:32 of 3rd period - Deflect By Frank Vatrano.
4:32 of 3rd period - Shot Misses the Net.
4:44 of 3rd period - Shot by Robert Thomas.
4:44 of 3rd period - Stopped by Darcy Kuemper without a rebound.
4:45 of 3rd period - Ryan Johansen wins face-off versus Blake Lizotte in Sabres zone.
5:16 of 3rd period - Shot by Blake Lizotte.
5:16 of 3rd period - Deflect By Anders Bjork.
5:16 of 3rd period - Shot Misses the Net.
5:31 of 3rd period - Icing by Kevan Miller.
5:32 of 3rd period - Tomas Hertl wins face-off versus Yegor Sharangovich in Coyotes zone.
6:48 of 3rd period - Shot by Victor Olofsson.
6:48 of 3rd period - Goal by Victor Olofsson - Coyotes : 3 - Sabres : 4.
6:49 of 3rd period - Carter Rowney wins face-off versus Ilya Mikheyev in neutral zone.
7:06 of 3rd period - Shot by Jack Roslovic.
7:06 of 3rd period - Shot Misses the Net.
7:08 of 3rd period - Shot by Torey Krug.
7:08 of 3rd period - Goal by Torey Krug - Coyotes : 3 - Sabres : 5.
7:08 of 3rd period - Jonathan Quick enters game.
7:09 of 3rd period - Chris Tierney wins face-off versus Nick Foligno in neutral zone.
7:32 of 3rd period - Shot by Victor Olofsson.
7:32 of 3rd period - Shot Misses the Net.
8:14 of 3rd period - Shot by Nick Paul.
8:14 of 3rd period - Shot Misses the Net.
8:58 of 3rd period - Shot by Sean Monahan.
8:58 of 3rd period - Shot Misses the Net.
9:07 of 3rd period - Icing by Jamie Oleksiak.
9:08 of 3rd period - Ryan Johansen wins face-off versus Tomas Hertl in Sabres zone.
9:28 of 3rd period - Shot by Ryan Johansen.
9:28 of 3rd period - Shot Misses the Net.
9:30 of 3rd period - Shot by Andrej Sekera.
9:30 of 3rd period - Stopped by Darcy Kuemper without a rebound.
9:31 of 3rd period - Carter Rowney wins face-off versus Pavel Zacha in Sabres zone.
9:31 of 3rd period - Carter Rowney is hit by Sean Monahan.
9:49 of 3rd period - Shot by Ilya Mikheyev.
9:49 of 3rd period - Stopped by Darcy Kuemper with a rebound.
10:03 of 3rd period - Shot by Nick Jensen.
10:03 of 3rd period - Shot Blocked by Dante Fabbro.
10:05 of 3rd period - Shot by Carter Rowney.
10:05 of 3rd period - Stopped by Jonathan Quick with a rebound.
10:07 of 3rd period - Shot by Carter Rowney.
10:07 of 3rd period - Stopped by Jonathan Quick without a rebound.
10:08 of 3rd period - Chris Tierney wins face-off versus Nick Foligno in Coyotes zone.
10:20 of 3rd period - Off-side.
10:21 of 3rd period - Blake Lizotte wins face-off versus Robert Thomas in neutral zone.
10:28 of 3rd period - Shot by Nick Paul.
10:28 of 3rd period - Shot Blocked by Jonas Brodin.
10:45 of 3rd period - Icing by Radko Gudas.
10:46 of 3rd period - Sean Monahan wins face-off versus Blake Lizotte in Sabres zone.
11:07 of 3rd period - Shot by Blake Lizotte.
11:07 of 3rd period - Stopped by Jonathan Quick without a rebound.
11:08 of 3rd period - Carter Rowney wins face-off versus Frank Vatrano in Coyotes zone.
11:56 of 3rd period - Off-side.
11:57 of 3rd period - Sean Monahan wins face-off versus Chris Tierney in neutral zone.
12:02 of 3rd period - Shot by Ilya Mikheyev.
12:02 of 3rd period - Stopped by Darcy Kuemper without a rebound.
12:03 of 3rd period - Chris Tierney wins face-off versus Ryan Johansen in Sabres zone.
12:22 of 3rd period - Shot by Chris Tierney.
12:22 of 3rd period - Shot Misses the Net.
12:38 of 3rd period - Shot by Miro Heiskanen.
12:38 of 3rd period - Deflect By Yegor Sharangovich.
12:38 of 3rd period - Stopped by Darcy Kuemper with a rebound.
12:40 of 3rd period - Shot by Ryan Johansen.
12:40 of 3rd period - Deflect By Jesper Bratt.
12:40 of 3rd period - Stopped by Darcy Kuemper with a rebound.
12:42 of 3rd period - Shot by Miro Heiskanen.
12:42 of 3rd period - Deflect By Ryan Johansen.
12:42 of 3rd period - Stopped by Darcy Kuemper without a rebound.
12:43 of 3rd period - Sean Monahan wins face-off versus Tomas Hertl in Sabres zone.
13:40 of 3rd period - Jack Roslovic is hit by Jay Bouwmeester and loses puck.
13:52 of 3rd period - Carter Rowney is hit by Jay Bouwmeester and loses puck.
13:57 of 3rd period - Shot by Jack Roslovic.
13:57 of 3rd period - Shot Blocked by Jay Bouwmeester.
13:59 of 3rd period - Shot by Robert Bortuzzo.
13:59 of 3rd period - Stopped by Jonathan Quick with a rebound.
14:09 of 3rd period - Shot by Jakob Silfverberg.
14:09 of 3rd period - Stopped by Jonathan Quick without a rebound.
14:10 of 3rd period - Chris Tierney wins face-off versus Jesper Bratt in Coyotes zone.
15:11 of 3rd period - Jesper Bratt is hit by Nick Jensen and loses puck.
15:40 of 3rd period - Nick Foligno is hit by Nick Jensen and loses puck.
15:48 of 3rd period - Tomas Hertl is hit by Nick Foligno and loses puck.
16:14 of 3rd period - Minor Penalty to Nick Jensen for Diving.
16:15 of 3rd period - Carter Rowney wins face-off versus Sean Monahan in Sabres zone.
16:50 of 3rd period - Shot by Carter Rowney.
16:50 of 3rd period - Shot Misses the Net.
16:52 of 3rd period - Shot by Jamie Oleksiak.
16:52 of 3rd period - Shot Blocked by Andrej Sekera.
19:45 of 3rd period - Shot by Anthony Mantha.
19:45 of 3rd period - Stopped by Jonathan Quick without a rebound.
19:46 of 3rd period - Carter Rowney wins face-off versus Ryan Johansen in Coyotes zone.
19:46 of 3rd period - Jonas Brodin is hit by Kevan Miller and loses puck.
19:48 of 3rd period - Minor Penalty to Kevan Miller for Roughing.
19:49 of 3rd period - Chris Tierney wins face-off versus Nick Foligno in Coyotes zone.
Goals for this period are 2 for Coyotes vs 2 for Sabres.
Shots for this period are 12 for Coyotes vs 8 for Sabres.